[ AOE2 MATCH · #475712642 ]
Team RMBritons vs Saracens
[ REPLAY ANALYSIS · EXTRACTED FROM THE RECORDED GAME ]
Feudal
—
Castle
—
Imperial
—
| APM avg | 31.4 |
| APM peak | 427 |
| eAPM avg | 28.4 |
| Villagers / military | 149 / 728 |
Focus
⚔️ 22.6% · 🌾 77.4%
Longbowman ×433 · Spearman ×260 · Trade Cart ×40 · Trebuchet (Packed) ×17 · Archer ×16 · Monk ×1
Feudal
—
Castle
—
Imperial
—
| APM avg | 6.5 |
| APM peak | 33 |
| eAPM avg | 3.5 |
| Villagers / military | 90 / 41 |
Focus
⚔️ 21.6% · 🌾 78.4%
Mameluke ×26 · Archer ×10 · Scout Cavalry ×3 · Trebuchet (Packed) ×2
Feudal
—
Castle
—
Imperial
—
| APM avg | 16.4 |
| APM peak | 45 |
| eAPM avg | 12.4 |
| Villagers / military | 201 / 868 |
Focus
⚔️ 48.0% · 🌾 52.0%
Spearman ×620 · Woad Raider ×127 · Battering Ram ×64 · Mangonel ×37 · Trade Cart ×34 · Monk ×10
Feudal
—
Castle
—
Imperial
—
| APM avg | 15.9 |
| APM peak | 55 |
| eAPM avg | 9.7 |
| Villagers / military | 208 / 635 |
Focus
⚔️ 33.6% · 🌾 66.4%
Knight ×342 · Spearman ×200 · Scout Cavalry ×68 · Throwing Axeman ×19 · Monk ×6
Feudal
—
Castle
—
Imperial
—
| APM avg | 14.8 |
| APM peak | 60 |
| eAPM avg | 9.5 |
| Villagers / military | 93 / 342 |
Focus
⚔️ 34.7% · 🌾 65.3%
Knight ×225 · Scout Cavalry ×97 · Petard ×7 · Trebuchet (Packed) ×7 · Monk ×6
Feudal
—
Castle
—
Imperial
—
| APM avg | 14.2 |
| APM peak | 108 |
| eAPM avg | 9.9 |
| Villagers / military | 112 / 605 |
Focus
⚔️ 69.1% · 🌾 30.9%
Scout Cavalry ×474 · Knight ×130 · Monk ×1
Feudal
—
Castle
—
Imperial
—
| APM avg | 24.1 |
| APM peak | 100 |
| eAPM avg | 12.3 |
| Villagers / military | 76 / 401 |
Focus
⚔️ 58.4% · 🌾 41.6%
Organ Gun ×266 · Bombard Cannon ×70 · Spearman ×61 · Monk ×4
Feudal
—
Castle
—
Imperial
—
| APM avg | 29.5 |
| APM peak | 89 |
| eAPM avg | 20.7 |
| Villagers / military | 168 / 721 |
Focus
⚔️ 50.4% · 🌾 49.6%
Spearman ×277 · Militia ×147 · Scout Cavalry ×142 · Boyar ×62 · Scorpion ×29 · Trade Cart ×26
Match map
Resources at game start + every placement click. Thick line = wall · dashed box = detected house wall. 🟡 gold · ⚪ stone · 🟢 berries · 🔶 boar · ⭕ relic
Inputs per minute
— SkilzDatKilz845 - - MANlGOLDO
Build order — SkilzDatKilz845
First 150 of 623 actions detected
| 0:21 | Create | Villager (Male) |
| 0:25 | Build | House |
| 0:28 | Build | House |
| 0:33 | Build | House |
| 0:39 | Research | Loom |
| 0:40 | Create | Villager (Male) ×3 |
| 1:58 | Create | Villager (Male) |
| 2:36 | Create | Villager (Male) |
| 3:02 | Create | Villager (Male) |
| 3:19 | Create | Villager (Male) |
| 3:20 | Create | Villager (Male) |
| 3:52 | Create | Villager (Male) |
| 3:52 | Create | Villager (Male) |
| 4:29 | Build | Lumber Camp |
| 4:45 | Create | Villager (Male) |
| 4:46 | Create | Villager (Male) |
| 4:46 | Create | Villager (Male) |
| 5:38 | Create | Villager (Male) |
| 5:38 | Create | Villager (Male) |
| 5:39 | Create | Villager (Male) |
| 6:34 | Create | Villager (Male) |
| 6:47 | Create | Villager (Male) |
| 6:47 | Create | Villager (Male) |
| 6:47 | Create | Villager (Male) |
| 7:11 | Build | Mill |
| 7:44 | Create | Villager (Male) |
| 8:08 | Build | House |
| 8:17 | Build | House |
| 8:19 | Build | House |
| 8:21 | Build | House |
| 8:22 | Build | House |
| 8:48 | Create | Villager (Male) |
| 8:49 | Create | Villager (Male) |
| 8:49 | Create | Villager (Male) |
| 8:49 | Create | Villager (Male) |
| 8:50 | Create | Villager (Male) |
| 9:06 | Build | Mining Camp |
| 9:37 | Create | Villager (Male) |
| 9:38 | Create | Villager (Male) |
| 9:40 | Create | Villager (Male) |
| 9:50 | Create | Villager (Male) |
| 9:51 | Create | Villager (Male) |
| 9:51 | Create | Villager (Male) |
| 10:40 | Build | Farm |
| 10:48 | Build | Barracks |
| 11:12 | Build | Mill |
| 11:24 | Build | Mill |
| 11:33 | Research | Feudal Age |
| 11:34 | Create | Villager (Male) |
| 11:35 | Create | Villager (Male) |
| 11:35 | Create | Villager (Male) |
| 11:35 | Create | Villager (Male) |
| 12:28 | Build | Mining Camp |
| 13:52 | Build | Archery Range |
| 14:31 | Build | Blacksmith |
| 15:04 | Build | House |
| 15:06 | Build | House |
| 15:13 | Create | Villager (Male) ×5 |
| 15:17 | Create | Archer |
| 15:18 | Create | Archer |
| 15:30 | Research | Man-at-Arms (upgrade) |
| 15:31 | Research | Arson |
| 16:16 | Build | Watch Tower |
| 16:34 | Build | Farm |
| 16:36 | Research | Horse Collar |
| 16:50 | Build | Watch Tower |
| 16:57 | Research | Double-Bit Axe |
| 17:04 | Create | Villager (Male) |
| 17:05 | Create | Villager (Male) |
| 17:05 | Create | Villager (Male) |
| 17:26 | Create | Archer |
| 17:27 | Create | Archer |
| 17:53 | Build | Lumber Camp |
| 18:06 | Create | Villager (Male) |
| 18:38 | Create | Archer |
| 18:38 | Create | Archer |
| 18:51 | Build | Watch Tower |
| 19:20 | Create | Villager (Male) |
| 19:20 | Create | Villager (Male) |
| 19:21 | Create | Villager (Male) |
| 19:26 | Research | Castle Age |
| 19:42 | Build | Farm |
| 19:48 | Create | Archer |
| 19:48 | Create | Archer |
| 19:49 | Create | Archer |
| 19:52 | Create | Spearman |
| 19:52 | Create | Spearman |
| 20:16 | Create | Villager (Male) |
| 20:16 | Create | Villager (Male) |
| 20:23 | Create | Archer ×5 |
| 20:41 | Build | Farm |
| 21:09 | Create | Spearman |
| 21:09 | Create | Spearman |
| 21:17 | Create | Villager (Male) |
| 21:17 | Create | Villager (Male) |
| 21:17 | Create | Villager (Male) |
| 21:58 | Research | Fletching |
| 22:00 | Research | Padded Archer Armor |
| 23:15 | Create | Villager (Male) |
| 23:15 | Create | Villager (Male) |
| 24:04 | Build | Market |
| 24:12 | Build | Town Center |
| 24:19 | Create | Villager (Male) |
| 24:19 | Create | Villager (Male) |
| 24:19 | Create | Villager (Male) |
| 25:03 | Create | Villager (Male) |
| 25:04 | Create | Villager (Male) |
| 25:16 | Build | Castle |
| 25:35 | Build | House |
| 25:56 | Build | Market |
| 26:05 | Research | Wheelbarrow |
| 26:09 | Research | Heavy Plow |
| 26:18 | Research | Bow Saw |
| 26:35 | Build | Town Center |
| 26:41 | Create | Villager (Male) |
| 26:41 | Create | Villager (Male) |
| 26:41 | Create | Villager (Male) |
| 26:42 | Create | Villager (Male) |
| 26:55 | Build | Farm |
| 26:55 | Build | Farm |
| 26:56 | Build | Farm |
| 26:56 | Build | Farm |
| 26:56 | Build | Farm |
| 26:57 | Build | Farm |
| 26:57 | Build | Farm |
| 26:57 | Build | Farm |
| 27:21 | Create | Longbowman |
| 27:22 | Create | Longbowman |
| 27:22 | Create | Longbowman |
| 28:24 | Create | Villager (Male) |
| 28:24 | Create | Villager (Male) |
| 28:46 | Create | Villager (Male) ×5 |
| 28:47 | Create | Villager (Male) ×5 |
| 29:25 | Create | Villager (Male) ×3 |
| 29:29 | Create | Longbowman ×5 |
| 29:36 | Build | House |
| 29:38 | Build | House |
| 29:38 | Build | House |
| 29:39 | Build | House |
| 29:41 | Build | House |
| 29:42 | Build | House |
| 29:44 | Build | House |
| 29:45 | Build | House |
| 30:06 | Build | Stone Wall |
| 30:14 | Build | Building 487 |
| 30:26 | Create | Villager (Male) ×5 |
| 31:16 | Research | Yeomen |
| 31:18 | Create | Longbowman ×5 |
| 31:24 | Research | Bodkin Arrow |
| 31:28 | Create | Villager (Male) |
Build order — MANlGOLDO
First 150 of 229 actions detected
| 0:02 | Create | Villager (Male) |
| 0:05 | Build | House |
| 0:12 | Build | House |
| 0:14 | Create | Villager (Male) |
| 0:15 | Create | Villager (Male) |
| 0:53 | Create | Villager (Male) |
| 1:39 | Create | Villager (Male) |
| 2:15 | Create | Villager (Male) |
| 2:39 | Create | Villager (Male) |
| 3:07 | Create | Villager (Male) |
| 3:18 | Build | Lumber Camp |
| 3:34 | Create | Villager (Male) |
| 4:01 | Research | Loom |
| 4:29 | Build | Mill |
| 4:35 | Create | Villager (Male) |
| 5:00 | Create | Villager (Male) |
| 5:29 | Create | Villager (Male) |
| 6:12 | Create | Villager (Male) |
| 6:12 | Create | Villager (Male) |
| 6:25 | Build | House |
| 7:11 | Build | Mining Camp |
| 7:24 | Create | Villager (Male) |
| 7:26 | Create | Villager (Male) |
| 7:42 | Create | Villager (Male) |
| 8:26 | Build | House |
| 8:55 | Build | Barracks |
| 9:00 | Create | Villager (Male) |
| 9:17 | Build | Palisade Wall |
| 9:24 | Create | Villager (Male) |
| 9:43 | Build | Farm |
| 9:47 | Build | Farm |
| 9:49 | Create | Villager (Male) |
| 10:08 | Create | Villager (Male) |
| 10:25 | Build | Palisade Wall |
| 10:43 | Create | Villager (Male) |
| 11:00 | Build | House |
| 11:32 | Build | Palisade Wall |
| 11:35 | Research | Feudal Age |
| 11:49 | Build | Palisade Wall |
| 12:13 | Build | Barracks |
| 12:19 | Build | House |
| 12:30 | Build | Palisade Wall |
| 12:53 | Build | Palisade Wall |
| 12:58 | Build | House |
| 13:11 | Build | House |
| 13:24 | Build | Palisade Wall |
| 13:49 | Create | Villager (Male) |
| 14:01 | Build | Blacksmith |
| 14:09 | Build | Market |
| 14:27 | Create | Villager (Male) |
| 15:04 | Build | Stable |
| 15:17 | Create | Villager (Male) |
| 15:22 | Build | House |
| 15:43 | Research | Castle Age |
| 16:29 | Build | Archery Range |
| 16:32 | Build | House |
| 16:43 | Create | Scout Cavalry |
| 17:32 | Research | Bloodlines |
| 17:37 | Research | Scale Barding Armor |
| 17:43 | Research | Double-Bit Axe |
| 18:10 | Create | Scout Cavalry |
| 18:33 | Create | Villager (Male) |
| 18:33 | Create | Villager (Male) |
| 19:21 | Create | Scout Cavalry |
| 19:30 | Research | Forging |
| 19:31 | Create | Villager (Male) |
| 20:12 | Research | Light Cavalry (upgrade) |
| 20:15 | Create | Villager (Male) |
| 20:38 | Build | Town Center |
| 20:45 | Create | Villager (Male) |
| 20:58 | Create | Villager (Male) |
| 21:37 | Create | Villager (Male) |
| 21:56 | Build | Town Center |
| 22:38 | Create | Villager (Male) |
| 22:43 | Create | Villager (Male) |
| 22:43 | Create | Villager (Male) |
| 23:09 | Create | Villager (Male) |
| 23:09 | Create | Villager (Male) |
| 23:10 | Create | Villager (Male) |
| 24:14 | Create | Villager (Male) |
| 24:14 | Create | Villager (Male) |
| 24:15 | Create | Villager (Male) |
| 24:26 | Research | Horse Collar |
| 25:11 | Create | Villager (Male) |
| 25:11 | Create | Villager (Male) |
| 25:20 | Build | Farm |
| 25:21 | Build | Farm |
| 25:22 | Build | Farm |
| 25:35 | Build | Farm |
| 25:37 | Build | Farm |
| 25:39 | Build | Farm |
| 25:41 | Build | Farm |
| 25:52 | Create | Villager (Male) |
| 26:06 | Build | Farm |
| 26:11 | Build | Farm |
| 26:19 | Build | Castle |
| 26:23 | Create | Villager (Male) |
| 26:52 | Create | Villager (Male) |
| 26:52 | Create | Villager (Male) |
| 27:13 | Build | Farm |
| 27:15 | Build | Farm |
| 27:16 | Build | Farm |
| 27:20 | Build | Farm |
| 27:22 | Build | Farm |
| 27:23 | Build | Farm |
| 27:26 | Create | Villager (Male) |
| 27:26 | Create | Villager (Male) |
| 27:31 | Create | Villager (Male) |
| 27:43 | Build | Stone Wall |
| 27:55 | Create | Villager (Male) |
| 27:56 | Create | Villager (Male) |
| 27:59 | Create | Villager (Male) |
| 28:19 | Build | Mill |
| 28:25 | Create | Villager (Male) |
| 28:25 | Create | Villager (Male) |
| 28:25 | Create | Villager (Male) |
| 28:43 | Build | Stone Wall |
| 28:50 | Create | Villager (Male) |
| 28:51 | Create | Villager (Male) |
| 28:51 | Create | Villager (Male) |
| 28:58 | Build | Farm |
| 28:59 | Build | Farm |
| 29:04 | Build | Farm |
| 29:12 | Build | Farm |
| 29:17 | Build | Farm |
| 29:19 | Create | Villager (Male) |
| 29:20 | Create | Villager (Male) |
| 29:20 | Create | Villager (Male) |
| 29:31 | Build | Castle |
| 29:52 | Build | Farm |
| 29:53 | Build | Farm |
| 29:54 | Build | Farm |
| 29:56 | Build | Farm |
| 30:01 | Create | Villager (Male) |
| 30:01 | Create | Villager (Male) |
| 30:02 | Create | Villager (Male) |
| 30:06 | Research | Wheelbarrow |
| 30:31 | Build | Farm |
| 30:34 | Build | Farm |
| 30:36 | Build | Farm |
| 30:39 | Create | Villager (Male) |
| 30:39 | Create | Villager (Male) |
| 30:39 | Create | Villager (Male) |
| 30:56 | Build | Farm |
| 31:00 | Build | Farm |
| 31:03 | Build | Farm |
| 31:12 | Build | Mill |
| 31:27 | Create | Villager (Male) |
| 31:27 | Create | Villager (Male) |
| 31:28 | Create | Villager (Male) |
Build order — Jaereg
First 150 of 690 actions detected
| 0:06 | Build | House |
| 0:18 | Create | Villager (Male) ×4 |
| 1:26 | Build | House |
| 1:34 | Build | House |
| 1:38 | Build | House |
| 1:42 | Build | House |
| 1:56 | Create | Villager (Male) |
| 1:57 | Create | Villager (Male) |
| 2:23 | Create | Villager (Male) |
| 2:23 | Create | Villager (Male) |
| 2:38 | Create | Villager (Male) |
| 3:04 | Create | Villager (Male) |
| 3:14 | Create | Villager (Male) |
| 3:15 | Create | Villager (Male) |
| 3:41 | Create | Villager (Male) |
| 3:42 | Create | Villager (Male) |
| 3:50 | Create | Villager (Male) |
| 3:50 | Create | Villager (Male) |
| 4:24 | Create | Villager (Male) |
| 4:24 | Create | Villager (Male) |
| 5:35 | Create | Villager (Male) |
| 5:36 | Create | Villager (Male) |
| 5:36 | Create | Villager (Male) |
| 6:14 | Research | Loom |
| 6:22 | Create | Villager (Male) |
| 6:23 | Create | Villager (Male) |
| 6:23 | Create | Villager (Male) |
| 7:20 | Build | Mill |
| 7:32 | Create | Villager (Male) |
| 7:46 | Build | Palisade Wall |
| 7:49 | Create | Villager (Male) |
| 7:49 | Create | Villager (Male) |
| 8:05 | Create | Villager (Male) |
| 8:05 | Create | Villager (Male) |
| 8:06 | Create | Villager (Male) |
| 8:20 | Build | Palisade Wall |
| 8:24 | Build | Building 800 |
| 8:37 | Build | Lumber Camp |
| 8:55 | Create | Villager (Male) |
| 8:57 | Create | Villager (Male) |
| 8:58 | Create | Villager (Male) |
| 9:23 | Build | House |
| 9:29 | Build | Palisade Wall |
| 9:43 | Create | Villager (Male) |
| 9:43 | Create | Villager (Male) |
| 10:07 | Build | Palisade Wall |
| 10:22 | Create | Villager (Male) |
| 10:52 | Build | Farm |
| 10:52 | Build | Farm |
| 10:53 | Build | Farm |
| 10:53 | Build | Farm |
| 10:53 | Build | Farm |
| 10:58 | Build | Farm |
| 11:02 | Create | Villager (Male) |
| 11:02 | Create | Villager (Male) |
| 11:03 | Create | Villager (Male) |
| 11:03 | Create | Villager (Male) |
| 11:12 | Create | Villager (Male) |
| 11:21 | Build | Farm |
| 11:33 | Create | Villager (Male) |
| 11:51 | Create | Villager (Male) |
| 12:26 | Build | Mining Camp |
| 12:31 | Create | Villager (Male) |
| 13:17 | Create | Villager (Male) |
| 13:23 | Research | Feudal Age |
| 14:01 | Build | Palisade Wall |
| 14:31 | Create | Villager (Male) |
| 14:39 | Create | Villager (Male) |
| 15:13 | Build | Palisade Wall |
| 15:23 | Build | Lumber Camp |
| 15:57 | Build | Stone Wall |
| 16:10 | Build | Lumber Camp |
| 16:10 | Research | Loom |
| 16:13 | Create | Villager (Male) |
| 16:14 | Research | Wheelbarrow |
| 16:20 | Research | Double-Bit Axe |
| 16:24 | Research | Horse Collar |
| 16:46 | Build | Market |
| 16:56 | Create | Villager (Male) |
| 17:25 | Build | Blacksmith |
| 17:32 | Create | Villager (Male) |
| 17:49 | Research | Castle Age |
| 18:29 | Build | Stone Wall |
| 19:13 | Research | Gold Mining |
| 19:24 | Build | Farm |
| 19:24 | Build | Farm |
| 19:25 | Build | Farm |
| 19:25 | Build | Farm |
| 19:25 | Build | Farm |
| 19:27 | Build | Farm |
| 19:29 | Build | Farm |
| 19:30 | Build | Farm |
| 19:33 | Build | Farm |
| 19:35 | Build | Farm |
| 19:36 | Build | Farm |
| 19:36 | Build | Farm |
| 19:37 | Build | Farm |
| 20:02 | Build | Mining Camp |
| 20:19 | Research | Stone Mining |
| 20:34 | Build | Stone Wall |
| 20:51 | Build | Stone Wall |
| 21:07 | Build | University |
| 21:14 | Create | Villager (Male) |
| 21:16 | Research | Hand Cart |
| 21:18 | Research | Bow Saw |
| 21:44 | Research | Treadmill Crane |
| 21:55 | Create | Villager (Male) |
| 21:55 | Create | Villager (Male) |
| 21:55 | Create | Villager (Male) |
| 22:36 | Build | Town Center |
| 22:44 | Create | Villager (Male) ×3 |
| 23:39 | Create | Villager (Male) |
| 24:22 | Create | Villager (Male) |
| 24:22 | Create | Villager (Male) |
| 24:53 | Create | Villager (Male) |
| 24:53 | Create | Villager (Male) |
| 24:53 | Create | Villager (Male) |
| 24:57 | Build | House |
| 25:48 | Create | Villager (Male) |
| 25:48 | Create | Villager (Male) |
| 25:49 | Create | Villager (Male) |
| 25:49 | Create | Villager (Male) |
| 25:49 | Create | Villager (Male) |
| 26:06 | Build | House |
| 26:07 | Build | House |
| 26:09 | Build | House |
| 26:09 | Build | House |
| 26:17 | Build | Town Center |
| 26:44 | Build | Stone Wall |
| 27:00 | Create | Villager (Male) |
| 27:00 | Create | Villager (Male) |
| 27:00 | Create | Villager (Male) |
| 27:20 | Research | Stone Shaft Mining |
| 27:23 | Create | Villager (Male) |
| 27:27 | Build | Town Center |
| 27:33 | Create | Villager (Male) |
| 27:33 | Create | Villager (Male) |
| 27:34 | Create | Villager (Male) |
| 27:43 | Build | Farm |
| 27:43 | Build | Farm |
| 27:44 | Build | Farm |
| 27:44 | Build | Farm |
| 27:45 | Build | Farm |
| 27:46 | Build | Farm |
| 27:46 | Build | Farm |
| 27:47 | Build | Farm |
| 28:30 | Build | Dock |
| 28:39 | Build | Building 490 |
| 29:11 | Build | Dock |
| 29:23 | Build | Dock |
Build order — Death of Fog
First 150 of 580 actions detected
| 0:02 | Create | Villager (Male) |
| 0:02 | Create | Villager (Male) |
| 0:02 | Create | Villager (Male) |
| 0:02 | Create | Villager (Male) |
| 0:02 | Create | Villager (Male) |
| 0:02 | Create | Villager (Male) |
| 0:02 | Create | Villager (Male) |
| 0:02 | Create | Villager (Male) |
| 0:04 | Build | House |
| 0:37 | Build | Lumber Camp |
| 1:43 | Create | Villager (Male) |
| 1:43 | Create | Villager (Male) |
| 1:51 | Build | House |
| 1:54 | Build | House |
| 1:57 | Build | Palisade Gate |
| 2:06 | Create | Villager (Male) |
| 2:06 | Create | Villager (Male) |
| 3:05 | Create | Villager (Male) |
| 3:05 | Create | Villager (Male) |
| 3:05 | Create | Villager (Male) |
| 3:05 | Create | Villager (Male) |
| 3:25 | Create | Villager (Male) |
| 3:25 | Create | Villager (Male) |
| 3:40 | Build | House |
| 3:42 | Build | Palisade Wall |
| 3:45 | Build | House |
| 3:47 | Build | House |
| 4:15 | Create | Villager (Male) |
| 4:15 | Create | Villager (Male) |
| 4:41 | Create | Villager (Male) |
| 4:41 | Create | Villager (Male) |
| 5:15 | Build | Mill |
| 5:20 | Create | Villager (Male) |
| 5:20 | Create | Villager (Male) |
| 5:28 | Build | House |
| 5:37 | Build | Palisade Wall |
| 5:45 | Create | Villager (Male) |
| 5:45 | Create | Villager (Male) |
| 6:08 | Create | Villager (Male) |
| 6:08 | Create | Villager (Male) |
| 6:21 | Build | Mining Camp |
| 6:46 | Build | House |
| 6:48 | Build | House |
| 6:51 | Build | House |
| 6:54 | Build | Palisade Gate |
| 7:05 | Create | Villager (Male) |
| 7:05 | Create | Villager (Male) |
| 7:05 | Create | Villager (Male) |
| 7:05 | Create | Villager (Male) |
| 7:20 | Build | Farm |
| 7:49 | Create | Villager (Male) |
| 7:49 | Create | Villager (Male) |
| 7:49 | Create | Villager (Male) |
| 8:12 | Build | Farm |
| 8:35 | Create | Villager (Male) |
| 8:35 | Create | Villager (Male) |
| 8:36 | Create | Villager (Male) |
| 8:36 | Create | Villager (Male) |
| 8:51 | Build | Farm |
| 9:17 | Create | Villager (Male) |
| 9:18 | Create | Villager (Male) |
| 9:32 | Build | Farm |
| 9:39 | Build | Farm |
| 10:33 | Create | Villager (Male) |
| 10:33 | Create | Villager (Male) |
| 11:23 | Build | Farm |
| 11:34 | Build | Mill |
| 12:00 | Create | Villager (Male) |
| 12:17 | Research | Feudal Age |
| 12:59 | Build | Barracks |
| 13:01 | Build | Barracks |
| 14:38 | Build | Stable |
| 15:02 | Build | Market |
| 15:07 | Create | Villager (Male) |
| 15:07 | Create | Villager (Male) |
| 15:10 | Create | Villager (Male) |
| 15:10 | Create | Villager (Male) |
| 15:33 | Create | Scout Cavalry |
| 15:33 | Create | Scout Cavalry |
| 15:33 | Create | Scout Cavalry |
| 15:40 | Build | Stable |
| 16:06 | Build | Lumber Camp |
| 16:25 | Research | Castle Age |
| 17:43 | Build | Farm |
| 18:01 | Build | Farm |
| 18:24 | Build | Farm |
| 18:51 | Create | Scout Cavalry ×5 |
| 18:52 | Create | Scout Cavalry ×2 |
| 18:52 | Create | Scout Cavalry ×2 |
| 19:18 | Build | Monastery |
| 19:31 | Research | Double-Bit Axe |
| 19:34 | Create | Villager (Male) |
| 19:34 | Create | Villager (Male) |
| 19:34 | Create | Villager (Male) |
| 19:34 | Create | Villager (Male) |
| 20:01 | Build | Town Center |
| 20:06 | Create | Monk |
| 20:36 | Research | Loom |
| 20:37 | Create | Villager (Male) |
| 20:37 | Create | Villager (Male) |
| 20:37 | Create | Villager (Male) |
| 20:37 | Create | Villager (Male) |
| 20:37 | Create | Villager (Male) |
| 20:37 | Create | Villager (Male) |
| 21:04 | Create | Monk |
| 21:57 | Build | Blacksmith |
| 22:28 | Create | Villager (Male) |
| 22:28 | Create | Villager (Male) |
| 22:28 | Create | Villager (Male) |
| 22:28 | Create | Villager (Male) |
| 22:28 | Create | Villager (Male) |
| 22:28 | Create | Villager (Male) |
| 22:28 | Create | Villager (Male) |
| 22:29 | Create | Villager (Male) |
| 22:29 | Create | Villager (Male) |
| 22:29 | Create | Villager (Male) |
| 23:05 | Research | Forging |
| 23:35 | Research | Town Watch |
| 23:46 | Build | Farm |
| 23:47 | Build | Farm |
| 23:48 | Build | Farm |
| 23:49 | Build | Farm |
| 23:51 | Build | Farm |
| 23:55 | Create | Villager (Male) |
| 23:55 | Create | Villager (Male) |
| 23:55 | Create | Villager (Male) |
| 23:55 | Create | Villager (Male) |
| 24:13 | Build | Farm |
| 25:40 | Build | House |
| 25:40 | Build | House |
| 25:42 | Build | House |
| 26:23 | Research | Wheelbarrow |
| 26:27 | Create | Villager (Male) |
| 26:27 | Create | Villager (Male) |
| 26:28 | Create | Villager (Male) |
| 26:28 | Create | Villager (Male) |
| 26:28 | Create | Villager (Male) |
| 26:29 | Create | Villager (Male) |
| 26:52 | Research | Bow Saw |
| 27:17 | Create | Villager (Male) |
| 27:17 | Create | Villager (Male) |
| 27:29 | Build | Castle |
| 27:51 | Build | Farm |
| 28:03 | Build | Farm |
| 28:06 | Build | Farm |
| 28:09 | Create | Villager (Male) |
| 28:09 | Create | Villager (Male) |
| 28:12 | Create | Villager (Male) |
| 28:12 | Create | Villager (Male) |
| 28:12 | Create | Villager (Male) |
Build order — Burger King
First 150 of 404 actions detected
| 0:12 | Create | Villager (Male) |
| 0:13 | Create | Villager (Male) |
| 0:42 | Build | House |
| 0:44 | Build | House |
| 1:02 | Create | Villager (Male) |
| 1:09 | Create | Villager (Male) |
| 1:09 | Create | Villager (Male) |
| 1:10 | Create | Villager (Male) |
| 1:19 | Build | House |
| 1:20 | Build | House |
| 3:27 | Build | House |
| 3:29 | Create | Villager (Male) |
| 4:03 | Create | Villager (Male) |
| 4:04 | Create | Villager (Male) |
| 4:04 | Create | Villager (Male) |
| 4:50 | Create | Villager (Male) |
| 5:24 | Create | Villager (Male) |
| 6:00 | Build | Lumber Camp |
| 6:07 | Create | Villager (Male) |
| 6:31 | Create | Villager (Male) |
| 6:31 | Create | Villager (Male) |
| 6:52 | Create | Villager (Male) |
| 7:24 | Build | Mill |
| 7:28 | Create | Villager (Male) |
| 7:38 | Create | Villager (Male) |
| 8:53 | Build | Farm |
| 9:05 | Build | Lumber Camp |
| 9:06 | Create | Villager (Male) |
| 9:12 | Create | Villager (Male) |
| 9:34 | Create | Villager (Male) |
| 9:46 | Build | Farm |
| 9:52 | Build | Farm |
| 10:23 | Create | Villager (Male) |
| 10:49 | Create | Villager (Male) |
| 11:09 | Create | Villager (Male) |
| 11:28 | Build | Mining Camp |
| 11:37 | Create | Villager (Male) |
| 12:04 | Research | Feudal Age |
| 12:33 | Research | Loom |
| 14:22 | Research | Double-Bit Axe |
| 14:25 | Research | Horse Collar |
| 14:31 | Research | Wheelbarrow |
| 14:54 | Build | House |
| 14:58 | Build | House |
| 15:09 | Research | Gold Mining |
| 15:27 | Create | Villager (Male) |
| 15:27 | Create | Villager (Male) |
| 16:04 | Build | Blacksmith |
| 16:12 | Create | Villager (Male) |
| 16:44 | Build | Market |
| 16:49 | Create | Villager (Male) |
| 17:42 | Build | Mill |
| 17:48 | Research | Castle Age |
| 18:13 | Build | House |
| 18:14 | Build | House |
| 18:16 | Build | House |
| 18:33 | Research | Town Watch |
| 20:11 | Build | House |
| 20:15 | Build | House |
| 20:46 | Build | Monastery |
| 20:52 | Create | Villager (Male) |
| 21:14 | Create | Monk |
| 21:18 | Create | Monk |
| 21:28 | Research | Hand Cart |
| 21:32 | Research | Heavy Plow |
| 21:35 | Research | Bow Saw |
| 22:22 | Research | Town Patrol |
| 22:42 | Create | Monk |
| 23:10 | Research | Fervor |
| 23:32 | Build | Farm |
| 23:33 | Build | Farm |
| 23:34 | Build | Farm |
| 23:35 | Build | Farm |
| 23:38 | Build | Farm |
| 23:40 | Build | Farm |
| 23:43 | Build | Farm |
| 23:46 | Research | Loom |
| 23:59 | Build | Farm |
| 24:02 | Build | Farm |
| 24:06 | Build | Farm |
| 24:09 | Build | Farm |
| 24:38 | Create | Villager (Male) |
| 24:39 | Create | Villager (Male) |
| 25:08 | Build | Mining Camp |
| 25:13 | Research | Stone Mining |
| 25:22 | Create | Villager (Male) |
| 25:58 | Build | Lumber Camp |
| 26:36 | Research | Stone Shaft Mining |
| 26:45 | Create | Villager (Male) |
| 26:45 | Create | Villager (Male) |
| 26:48 | Create | Villager (Male) |
| 26:48 | Create | Villager (Male) |
| 27:12 | Create | Villager (Male) |
| 27:34 | Research | Forging |
| 27:57 | Build | Town Center |
| 28:51 | Create | Villager (Male) |
| 29:08 | Research | Scale Barding Armor |
| 29:31 | Build | Castle |
| 29:37 | Create | Villager (Male) |
| 29:41 | Create | Villager (Male) |
| 29:42 | Create | Villager (Male) |
| 29:43 | Create | Villager (Male) |
| 29:56 | Build | Farm |
| 30:21 | Research | Fletching |
| 30:43 | Research | Iron Casting |
| 30:57 | Create | Villager (Male) |
| 31:02 | Create | Villager (Male) |
| 31:33 | Build | Barracks |
| 31:40 | Research | Imperial Age |
| 31:46 | Create | Villager (Male) |
| 31:46 | Create | Villager (Male) |
| 31:50 | Research | Chain Barding Armor |
| 31:56 | Research | Bodkin Arrow |
| 32:06 | Build | Stable |
| 32:07 | Build | Stable |
| 32:08 | Build | Stable |
| 32:12 | Build | Stable |
| 32:15 | Build | Stable |
| 36:04 | Research | Husbandry |
| 36:06 | Research | Bloodlines |
| 36:08 | Research | Light Cavalry (upgrade) |
| 36:12 | Research | Conscription |
| 36:19 | Research | Plate Barding Armor |
| 36:34 | Research | Crop Rotation |
| 36:37 | Create | Villager (Male) |
| 36:37 | Create | Villager (Male) |
| 37:04 | Research | Winged Hussar (upgrade) |
| 37:35 | Build | Farm |
| 37:36 | Build | Farm |
| 37:37 | Build | Farm |
| 37:38 | Build | Farm |
| 37:54 | Build | Farm |
| 37:56 | Build | Farm |
| 38:04 | Build | Farm |
| 38:10 | Build | Farm |
| 38:13 | Build | Farm |
| 38:21 | Create | Scout Cavalry ×5 |
| 38:23 | Create | Scout Cavalry ×3 |
| 38:32 | Create | Scout Cavalry |
| 38:51 | Build | Castle |
| 39:01 | Create | Scout Cavalry |
| 39:02 | Create | Scout Cavalry |
| 39:02 | Create | Scout Cavalry |
| 39:10 | Create | Scout Cavalry |
| 39:15 | Create | Scout Cavalry |
| 39:28 | Create | Villager (Male) |
| 40:03 | Create | Scout Cavalry |
| 40:04 | Create | Scout Cavalry |
| 40:04 | Create | Scout Cavalry |
| 40:04 | Create | Scout Cavalry |
Build order — 拿钥匙时被肘击后踩屎
First 150 of 833 actions detected
| 0:03 | Create | Villager (Male) |
| 0:03 | Create | Villager (Male) |
| 0:04 | Create | Villager (Male) |
| 0:04 | Create | Villager (Male) |
| 0:04 | Create | Villager (Male) |
| 0:04 | Create | Villager (Male) |
| 0:04 | Create | Villager (Male) |
| 2:13 | Create | Villager (Male) |
| 2:13 | Create | Villager (Male) |
| 2:34 | Create | Villager (Male) |
| 2:34 | Create | Villager (Male) |
| 2:34 | Create | Villager (Male) |
| 3:08 | Create | Villager (Male) |
| 3:08 | Create | Villager (Male) |
| 3:37 | Create | Villager (Male) |
| 3:38 | Create | Villager (Male) |
| 3:57 | Create | Villager (Male) |
| 3:57 | Create | Villager (Male) |
| 4:11 | Build | Mill |
| 4:28 | Create | Villager (Male) |
| 4:28 | Create | Villager (Male) |
| 4:42 | Create | Villager (Male) |
| 4:43 | Create | Villager (Male) |
| 5:01 | Create | Villager (Male) |
| 5:01 | Create | Villager (Male) |
| 5:36 | Create | Villager (Male) |
| 5:37 | Create | Villager (Male) |
| 5:37 | Create | Villager (Male) |
| 5:37 | Create | Villager (Male) |
| 6:15 | Build | Lumber Camp |
| 6:20 | Create | Villager (Male) |
| 6:20 | Create | Villager (Male) |
| 6:20 | Create | Villager (Male) |
| 6:27 | Create | Villager (Male) |
| 6:28 | Create | Villager (Male) |
| 7:19 | Create | Villager (Male) |
| 7:38 | Create | Villager (Male) |
| 8:25 | Create | Villager (Male) |
| 9:05 | Create | Villager (Male) |
| 9:31 | Create | Villager (Male) |
| 9:56 | Research | Feudal Age |
| 12:10 | Research | Wheelbarrow |
| 12:13 | Research | Double-Bit Axe |
| 12:15 | Research | Horse Collar |
| 12:18 | Create | Villager (Male) |
| 12:19 | Create | Villager (Male) |
| 12:19 | Create | Villager (Male) |
| 12:21 | Create | Villager (Male) |
| 12:21 | Create | Villager (Male) |
| 12:22 | Create | Villager (Male) |
| 12:22 | Create | Villager (Male) |
| 12:22 | Create | Villager (Male) |
| 12:23 | Create | Villager (Male) |
| 12:23 | Create | Villager (Male) |
| 12:23 | Create | Villager (Male) |
| 13:42 | Build | Mining Camp |
| 14:08 | Build | Farm |
| 14:11 | Build | Farm |
| 14:33 | Research | Gold Mining |
| 14:45 | Build | Blacksmith |
| 15:10 | Build | Farm |
| 15:34 | Build | Farm |
| 15:46 | Build | Market |
| 16:52 | Research | Castle Age |
| 17:49 | Build | Farm |
| 17:51 | Build | Farm |
| 17:56 | Build | Farm |
| 18:21 | Build | Farm |
| 18:27 | Build | Farm |
| 18:31 | Build | Farm |
| 18:35 | Build | Farm |
| 18:38 | Build | Farm |
| 18:47 | Build | Farm |
| 18:51 | Build | Farm |
| 19:57 | Research | Hand Cart |
| 19:59 | Research | Gold Shaft Mining |
| 20:01 | Research | Heavy Plow |
| 20:33 | Build | Town Center |
| 20:37 | Create | Villager (Male) |
| 20:38 | Create | Villager (Male) |
| 20:38 | Create | Villager (Male) |
| 20:38 | Create | Villager (Male) |
| 20:38 | Create | Villager (Male) |
| 20:38 | Create | Villager (Male) |
| 20:48 | Research | Bow Saw |
| 21:00 | Research | Heavy Plow |
| 21:19 | Create | Villager (Male) |
| 21:19 | Create | Villager (Male) |
| 21:19 | Create | Villager (Male) |
| 21:20 | Create | Villager (Male) |
| 21:24 | Create | Villager (Male) |
| 21:46 | Create | Villager (Male) |
| 21:46 | Create | Villager (Male) |
| 21:46 | Create | Villager (Male) |
| 21:46 | Create | Villager (Male) |
| 21:47 | Create | Villager (Male) |
| 21:47 | Create | Villager (Male) |
| 23:14 | Build | Monastery |
| 23:18 | Create | Villager (Male) |
| 23:23 | Research | Hand Cart |
| 23:29 | Create | Villager (Male) |
| 23:29 | Create | Villager (Male) |
| 23:31 | Create | Villager (Male) |
| 23:52 | Build | Farm |
| 24:16 | Build | University |
| 24:21 | Create | Villager (Male) |
| 24:22 | Create | Villager (Male) |
| 24:47 | Build | Farm |
| 24:57 | Build | Farm |
| 25:06 | Build | Mining Camp |
| 25:09 | Create | Villager (Male) |
| 25:09 | Create | Villager (Male) |
| 25:32 | Research | Imperial Age |
| 26:19 | Create | Villager (Male) |
| 26:19 | Create | Villager (Male) |
| 26:19 | Create | Villager (Male) |
| 26:19 | Create | Villager (Male) |
| 26:38 | Build | Farm |
| 26:41 | Build | Farm |
| 26:51 | Build | Barracks |
| 26:58 | Research | Scale Barding Armor |
| 28:07 | Build | Stable |
| 28:09 | Build | Stable |
| 28:24 | Research | Chain Barding Armor |
| 28:34 | Create | Villager (Male) |
| 28:34 | Create | Villager (Male) |
| 28:45 | Research | Husbandry |
| 28:45 | Research | Bloodlines |
| 28:46 | Research | Cavalier (upgrade) |
| 28:53 | Create | Villager (Male) |
| 28:53 | Create | Villager (Male) |
| 28:58 | Create | Villager (Male) |
| 28:59 | Create | Villager (Male) |
| 29:05 | Build | Farm |
| 29:33 | Build | Stable |
| 29:35 | Build | Stable |
| 29:36 | Build | Stable |
| 29:41 | Create | Knight |
| 29:42 | Create | Knight |
| 29:42 | Create | Knight |
| 29:42 | Create | Knight |
| 29:54 | Build | Farm |
| 29:57 | Build | Farm |
| 30:01 | Build | Farm |
| 30:06 | Build | Farm |
| 30:12 | Research | Plate Barding Armor |
| 30:14 | Research | Forging |
| 30:23 | Create | Knight |
| 30:24 | Create | Knight |
| 30:24 | Create | Knight |
Build order — Your Doom
First 150 of 647 actions detected
| 0:06 | Build | House |
| 0:09 | Build | House |
| 0:10 | Create | Villager (Male) |
| 0:11 | Create | Villager (Male) |
| 0:11 | Create | Villager (Male) |
| 0:11 | Create | Villager (Male) |
| 0:11 | Create | Villager (Male) |
| 2:06 | Create | Villager (Male) |
| 2:07 | Create | Villager (Male) |
| 2:40 | Create | Villager (Male) |
| 2:40 | Create | Villager (Male) |
| 3:25 | Create | Villager (Male) |
| 3:26 | Create | Villager (Male) |
| 3:57 | Create | Villager (Male) |
| 5:46 | Create | Villager (Male) |
| 5:46 | Create | Villager (Male) |
| 5:46 | Create | Villager (Male) |
| 5:48 | Create | Villager (Male) |
| 5:54 | Build | House |
| 5:55 | Build | House |
| 6:01 | Build | Lumber Camp |
| 6:31 | Build | Mill |
| 6:44 | Create | Villager (Male) |
| 7:31 | Create | Villager (Male) |
| 7:31 | Create | Villager (Male) |
| 7:36 | Build | Farm |
| 8:22 | Build | Mill |
| 8:51 | Create | Villager (Male) |
| 8:51 | Create | Villager (Male) |
| 9:32 | Create | Villager (Male) |
| 9:33 | Create | Villager (Male) |
| 9:59 | Build | Mining Camp |
| 10:09 | Build | House |
| 10:11 | Build | House |
| 10:16 | Create | Villager (Male) |
| 10:16 | Create | Villager (Male) |
| 10:24 | Create | Villager (Male) |
| 11:23 | Build | Mining Camp |
| 12:05 | Create | Villager (Male) |
| 12:12 | Research | Loom |
| 12:35 | Create | Villager (Male) |
| 12:58 | Research | Feudal Age |
| 13:53 | Create | Villager (Male) |
| 13:53 | Create | Villager (Male) |
| 14:04 | Build | Farm |
| 14:06 | Build | Farm |
| 14:08 | Build | Farm |
| 14:11 | Build | Farm |
| 14:12 | Build | Farm |
| 14:24 | Create | Villager (Male) |
| 14:25 | Create | Villager (Male) |
| 15:34 | Build | Blacksmith |
| 15:39 | Build | Market |
| 15:44 | Build | Lumber Camp |
| 15:51 | Build | Farm |
| 15:59 | Research | Wheelbarrow |
| 16:10 | Research | Town Watch |
| 17:21 | Build | House |
| 17:23 | Build | House |
| 17:24 | Build | House |
| 17:39 | Create | Villager (Male) |
| 17:39 | Create | Villager (Male) |
| 17:40 | Create | Villager (Male) |
| 18:32 | Build | Barracks |
| 18:38 | Build | House |
| 18:40 | Build | House |
| 18:42 | Build | House |
| 18:45 | Build | House |
| 18:48 | Build | House |
| 19:16 | Build | Stone Wall |
| 19:22 | Build | Stone Wall |
| 19:27 | Build | Stone Wall |
| 19:32 | Build | Stone Wall |
| 19:38 | Build | Building 487 |
| 19:46 | Research | Castle Age |
| 19:59 | Research | Double-Bit Axe |
| 20:07 | Research | Stone Mining |
| 20:11 | Research | Gold Mining |
| 20:23 | Research | Horse Collar |
| 21:28 | Create | Villager (Male) |
| 21:28 | Create | Villager (Male) |
| 21:29 | Create | Villager (Male) |
| 22:31 | Build | Monastery |
| 22:47 | Build | University |
| 22:57 | Build | Mill |
| 23:04 | Build | Mining Camp |
| 23:36 | Build | Lumber Camp |
| 23:49 | Create | Villager (Male) |
| 23:49 | Create | Villager (Male) |
| 23:50 | Create | Villager (Male) |
| 24:00 | Create | Monk |
| 24:00 | Create | Monk |
| 24:14 | Build | Farm |
| 24:20 | Build | Farm |
| 25:00 | Create | Monk |
| 25:05 | Build | Farm |
| 25:07 | Build | Farm |
| 25:17 | Create | Villager (Male) |
| 25:17 | Create | Villager (Male) |
| 25:22 | Create | Villager (Male) |
| 25:52 | Create | Monk |
| 26:41 | Build | Lumber Camp |
| 26:46 | Research | Imperial Age |
| 27:38 | Research | Bow Saw |
| 27:46 | Research | Stone Shaft Mining |
| 28:02 | Build | Mining Camp |
| 29:17 | Research | Treadmill Crane |
| 29:24 | Create | Villager (Male) |
| 29:25 | Create | Villager (Male) |
| 29:25 | Create | Villager (Male) |
| 29:35 | Build | House |
| 29:37 | Build | House |
| 30:13 | Build | House |
| 30:23 | Build | Castle |
| 30:41 | Build | House |
| 30:43 | Build | House |
| 30:44 | Build | House |
| 30:45 | Build | House |
| 30:47 | Build | House |
| 30:48 | Build | House |
| 30:49 | Build | House |
| 30:51 | Build | House |
| 30:53 | Build | House |
| 30:54 | Build | House |
| 30:55 | Build | House |
| 30:56 | Build | House |
| 30:57 | Build | House |
| 31:02 | Build | House |
| 31:03 | Build | House |
| 31:05 | Build | House |
| 31:06 | Build | House |
| 31:07 | Build | House |
| 31:08 | Build | House |
| 31:12 | Build | House |
| 31:14 | Build | House |
| 31:15 | Build | House |
| 31:27 | Build | Feitoria |
| 31:34 | Build | Feitoria |
| 31:51 | Build | Mining Camp |
| 32:11 | Research | Two-Man Saw |
| 33:04 | Build | Mining Camp |
| 34:13 | Create | Villager (Male) |
| 34:14 | Create | Villager (Male) |
| 34:36 | Research | Hand Cart |
| 35:15 | Build | Feitoria |
| 35:43 | Create | Organ Gun |
| 35:45 | Research | Elite Organ Gun (upgrade) |
| 36:02 | Create | Organ Gun |
| 36:02 | Create | Organ Gun |
| 36:03 | Create | Organ Gun |
Build order — SongForBob
First 150 of 1016 actions detected
| 0:03 | Create | Villager (Male) |
| 0:04 | Create | Villager (Male) |
| 0:04 | Create | Villager (Male) |
| 0:04 | Create | Villager (Male) |
| 0:05 | Create | Villager (Male) |
| 0:09 | Build | House |
| 0:15 | Build | House |
| 2:12 | Create | Villager (Male) |
| 2:13 | Create | Villager (Male) |
| 2:22 | Create | Villager (Male) |
| 2:41 | Create | Villager (Male) |
| 3:22 | Create | Villager (Male) |
| 3:23 | Create | Villager (Male) |
| 3:35 | Build | Lumber Camp |
| 3:40 | Create | Villager (Male) |
| 3:48 | Build | Mill |
| 4:06 | Create | Villager (Male) |
| 4:06 | Create | Villager (Male) |
| 4:35 | Create | Villager (Male) |
| 4:49 | Create | Villager (Male) |
| 4:50 | Create | Villager (Male) |
| 4:54 | Build | House |
| 4:57 | Create | Villager (Male) |
| 5:18 | Build | House |
| 5:20 | Build | House |
| 5:30 | Create | Villager (Male) |
| 5:31 | Create | Villager (Male) |
| 5:56 | Create | Villager (Male) |
| 5:57 | Create | Villager (Male) |
| 6:18 | Build | House |
| 6:22 | Build | House |
| 6:26 | Create | Villager (Male) |
| 6:26 | Create | Villager (Male) |
| 6:26 | Create | Villager (Male) |
| 6:52 | Create | Villager (Male) |
| 6:53 | Create | Villager (Male) |
| 6:53 | Create | Villager (Male) |
| 6:53 | Create | Villager (Male) |
| 7:24 | Build | Mill |
| 7:26 | Create | Villager (Male) |
| 7:27 | Create | Villager (Male) |
| 7:28 | Research | Loom |
| 8:06 | Build | Farm |
| 8:41 | Build | Lumber Camp |
| 9:10 | Research | Feudal Age |
| 9:54 | Create | Villager (Male) |
| 9:54 | Create | Villager (Male) |
| 9:54 | Create | Villager (Male) |
| 10:01 | Build | Farm |
| 10:20 | Create | Villager (Male) |
| 10:40 | Build | Farm |
| 10:57 | Build | Mining Camp |
| 11:53 | Create | Villager (Male) |
| 12:00 | Build | House |
| 12:03 | Build | House |
| 12:31 | Build | Barracks |
| 12:34 | Build | Farm |
| 13:20 | Build | Building 487 |
| 13:25 | Build | Stone Wall |
| 13:27 | Build | Building 487 |
| 13:31 | Build | Stone Wall |
| 13:41 | Build | Market |
| 13:56 | Build | Building 487 |
| 14:13 | Build | Blacksmith |
| 14:38 | Build | Mining Camp |
| 14:48 | Build | Building 487 |
| 15:31 | Research | Castle Age |
| 15:58 | Build | Stable |
| 16:00 | Build | Building 487 |
| 16:08 | Research | Double-Bit Axe |
| 16:37 | Create | Spearman |
| 17:00 | Create | Scout Cavalry |
| 17:44 | Build | Stone Wall |
| 17:47 | Build | Building 490 |
| 18:04 | Create | Villager (Male) |
| 18:13 | Build | Town Center |
| 18:33 | Create | Villager (Male) |
| 18:39 | Build | Farm |
| 18:57 | Build | Town Center |
| 19:00 | Create | Villager (Male) |
| 19:04 | Build | Farm |
| 19:24 | Create | Villager (Male) |
| 20:02 | Build | Barracks |
| 20:20 | Research | Wheelbarrow |
| 20:22 | Create | Villager (Male) |
| 20:22 | Create | Villager (Male) |
| 20:23 | Create | Villager (Male) |
| 20:36 | Build | Farm |
| 20:38 | Create | Villager (Male) |
| 21:02 | Create | Spearman |
| 21:02 | Create | Spearman |
| 21:47 | Build | Monastery |
| 21:56 | Create | Villager (Male) |
| 21:57 | Create | Villager (Male) |
| 21:57 | Create | Villager (Male) |
| 21:58 | Create | Villager (Male) |
| 22:07 | Build | Farm |
| 22:15 | Create | Villager (Male) |
| 22:17 | Create | Villager (Male) |
| 22:36 | Create | Monk |
| 23:04 | Build | Castle |
| 23:41 | Research | Pikeman (upgrade) |
| 23:52 | Build | Farm |
| 23:56 | Build | Farm |
| 23:57 | Build | Farm |
| 24:05 | Build | Town Center |
| 24:17 | Research | Forging |
| 24:19 | Research | Fletching |
| 24:31 | Build | Mining Camp |
| 24:37 | Create | Spearman |
| 24:37 | Create | Spearman |
| 24:38 | Create | Spearman |
| 24:38 | Create | Spearman |
| 25:11 | Create | Villager (Male) |
| 25:32 | Create | Spearman |
| 25:38 | Create | Villager (Male) |
| 25:38 | Create | Villager (Male) |
| 25:39 | Create | Villager (Male) |
| 26:27 | Research | Iron Casting |
| 26:39 | Build | Castle |
| 26:40 | Create | Villager (Male) |
| 26:40 | Create | Villager (Male) |
| 26:41 | Create | Villager (Male) |
| 26:47 | Build | Farm |
| 27:07 | Create | Villager (Male) |
| 27:07 | Create | Villager (Male) |
| 27:10 | Create | Villager (Male) |
| 27:20 | Research | Bow Saw |
| 27:27 | Research | Horse Collar |
| 27:31 | Create | Villager (Male) |
| 27:31 | Create | Villager (Male) |
| 27:32 | Create | Villager (Male) |
| 27:45 | Create | Spearman |
| 27:51 | Create | Villager (Male) |
| 27:55 | Build | Farm |
| 27:56 | Build | Farm |
| 27:57 | Build | Farm |
| 27:59 | Create | Villager (Male) |
| 28:00 | Create | Villager (Male) |
| 28:06 | Build | Farm |
| 28:29 | Research | Scale Mail Armor |
| 28:50 | Research | Squires |
| 29:11 | Build | Siege Workshop |
| 29:15 | Create | Villager (Male) |
| 29:32 | Create | Spearman |
| 29:32 | Create | Spearman |
| 29:33 | Create | Spearman |
| 29:44 | Create | Villager (Male) |
| 29:44 | Create | Villager (Male) |
| 29:45 | Create | Villager (Male) |
Match timeline
| 3:42 | Death of Fog · wall_segment Palisade Wall x1 |
| 5:37 | Death of Fog · wall_segment Palisade Wall x3 |
| 7:46 | Jaereg · wall_segment Palisade Wall x3 |
| 8:20 | Jaereg · wall_segment Palisade Wall x4 |
| 8:55 | MANlGOLDO · first_building Barracks |
| 9:17 | MANlGOLDO · wall_segment Palisade Wall x3 |
| 9:29 | Jaereg · wall_segment Palisade Wall x1 |
| 10:07 | Jaereg · wall_segment Palisade Wall x11 |
| 10:25 | MANlGOLDO · wall_segment Palisade Wall x5 |
| 10:48 | SkilzDatKilz845 · first_building Barracks |
| 11:32 | MANlGOLDO · wall_segment Palisade Wall x9 |
| 11:49 | MANlGOLDO · wall_segment Palisade Wall x6 |
| 12:30 | MANlGOLDO · wall_segment Palisade Wall x4 |
| 12:31 | SongForBob · first_building Barracks |
| 12:53 | MANlGOLDO · wall_segment Palisade Wall x1 |
| 12:59 | Death of Fog · first_building Barracks |
| 13:24 | MANlGOLDO · wall_segment Palisade Wall x6 |
| 13:25 | SongForBob · wall_segment Stone Wall x5 |
| 13:31 | SongForBob · wall_segment Stone Wall x8 |
| 13:52 | SkilzDatKilz845 · first_building Archery Range |
| 14:01 | Jaereg · wall_segment Palisade Wall x20 |
| 14:38 | Death of Fog · first_building Stable |
| 15:04 | MANlGOLDO · first_building Stable |
| 15:13 | Jaereg · wall_segment Palisade Wall x3 |
| 15:57 | Jaereg · wall_segment Stone Wall x9 |
| 15:58 | SongForBob · first_building Stable |
| 16:24 | Death of Fog · first_market_buy 100 food |
| 16:29 | MANlGOLDO · first_building Archery Range |
| 17:16 | Jaereg · first_market_sell 100 wood |
| 17:44 | SongForBob · wall_segment Stone Wall x4 |
| 18:29 | Jaereg · wall_segment Stone Wall x6 |
| 18:32 | Your Doom · first_building Barracks |
| 19:16 | Your Doom · wall_segment Stone Wall x3 |
| 19:18 | Death of Fog · first_building Monastery |
| 19:22 | Your Doom · wall_segment Stone Wall x6 |
| 19:27 | Your Doom · wall_segment Stone Wall x5 |
| 19:32 | Your Doom · wall_segment Stone Wall x11 |
| 20:12 | Jaereg · first_market_buy 100 stone |
| 20:34 | Jaereg · wall_segment Stone Wall x3 |
| 20:46 | Burger King · first_building Monastery |
| 20:51 | Jaereg · wall_segment Stone Wall x15 |
| 21:47 | SongForBob · first_building Monastery |
| 22:31 | Your Doom · first_building Monastery |
| 23:04 | SongForBob · first_building Castle |
| 23:14 | 拿钥匙时被肘击后踩屎 · first_building Monastery |
| 25:16 | SkilzDatKilz845 · first_building Castle |
| 26:19 | MANlGOLDO · first_building Castle |
| 26:44 | Jaereg · wall_segment Stone Wall x4 |
| 26:51 | 拿钥匙时被肘击后踩屎 · first_building Barracks |
| 27:18 | SongForBob · first_market_buy 100 food |
| 27:29 | Death of Fog · first_building Castle |
| 27:43 | MANlGOLDO · wall_segment Stone Wall x4 |
| 28:07 | 拿钥匙时被肘击后踩屎 · first_building Stable |
| 28:30 | Jaereg · first_building Dock |
| 28:43 | MANlGOLDO · wall_segment Stone Wall x4 |
| 29:11 | SongForBob · first_building Siege Workshop |
| 29:30 | Jaereg · wall_segment Stone Wall x7 |
| 29:31 | Burger King · first_building Castle |
| 30:06 | SkilzDatKilz845 · wall_segment Stone Wall x25 |
| 30:23 | Your Doom · first_building Castle |
| 31:25 | Jaereg · first_building Monastery |
| 31:33 | Burger King · first_building Barracks |
| 31:41 | SongForBob · wall_segment Stone Wall x1 |
| 32:06 | Burger King · first_building Stable |
| 32:23 | Jaereg · first_building Barracks |
| 32:27 | MANlGOLDO · wall_segment Stone Wall x4 |
| 32:58 | MANlGOLDO · first_building Siege Workshop |
| 33:52 | SkilzDatKilz845 · first_building Monastery |
| 34:15 | MANlGOLDO · first_market_sell 500 food |
| 35:21 | Jaereg · wall_segment Stone Wall x13 |
| 35:24 | Jaereg · wall_segment Stone Wall x7 |
| 35:29 | Jaereg · wall_segment Stone Wall x11 |
| 35:40 | Jaereg · wall_segment Stone Wall x16 |
| 35:49 | Jaereg · wall_segment Stone Wall x14 |
| 35:54 | SkilzDatKilz845 · wall_segment Stone Wall x15 |
| 36:13 | SkilzDatKilz845 · first_building Siege Workshop |
| 36:38 | Your Doom · first_building Siege Workshop |
| 36:57 | SongForBob · first_market_sell 100 food |
| 37:20 | SongForBob · wall_segment Stone Wall x12 |
| 38:05 | Jaereg · first_building Siege Workshop |
| 38:24 | Jaereg · wall_segment Stone Wall x1 |
| 39:44 | Death of Fog · wall_segment Stone Wall x24 |
| 39:52 | Death of Fog · wall_segment Stone Wall x8 |
| 40:41 | SongForBob · wall_segment Stone Wall x4 |
| 41:56 | Jaereg · wall_segment Stone Wall x9 |
| 44:18 | SkilzDatKilz845 · first_market_sell 500 wood |
| 44:19 | MANlGOLDO · resign |
| 44:26 | Burger King · first_market_buy 100 food |
| 45:49 | Jaereg · first_building Castle |
| 47:23 | 拿钥匙时被肘击后踩屎 · first_market_sell 100 food |
| 54:50 | Burger King · wall_segment Stone Wall x1 |
| 54:54 | Burger King · wall_segment Stone Wall x2 |
| 55:03 | Burger King · wall_segment Stone Wall x1 |
| 55:09 | Burger King · wall_segment Stone Wall x1 |
| 55:36 | SkilzDatKilz845 · first_market_buy 100 stone |
| 60:31 | Burger King · wall_segment Stone Wall x12 |
| 61:51 | Burger King · wall_segment Stone Wall x6 |
| 61:56 | 拿钥匙时被肘击后踩屎 · first_building Castle |
| 63:01 | Burger King · wall_segment Stone Wall x6 |
| 67:49 | Burger King · wall_segment Stone Wall x10 |
| 68:38 | Jaereg · wall_segment Stone Wall x21 |
| 68:51 | Burger King · wall_segment Stone Wall x8 |
| 69:32 | Death of Fog · wall_segment Stone Wall x16 |
| 69:36 | Death of Fog · wall_segment Stone Wall x5 |
| 69:55 | Death of Fog · wall_segment Stone Wall x11 |
| 71:33 | Jaereg · wall_segment Stone Wall x13 |
| 75:51 | Your Doom · first_market_sell 500 food |
| 75:57 | Your Doom · first_market_buy 100 wood |
| 82:51 | Jaereg · wall_segment Stone Wall x24 |
| 83:34 | Your Doom · tribute_sent a jugador 1 |
| 83:34 | Your Doom · tribute_sent a jugador 2 |
| 83:34 | Your Doom · tribute_sent a jugador 3 |
| 83:34 | Your Doom · tribute_sent a jugador 4 |
| 83:34 | Your Doom · tribute_sent a jugador 5 |
| 83:34 | Your Doom · tribute_sent a jugador 6 |
| 83:34 | Your Doom · tribute_sent a jugador 8 |
| 86:29 | Burger King · first_market_sell 100 wood |
| 92:46 | Your Doom · tribute_sent a jugador 1 |
| 92:46 | Your Doom · tribute_sent a jugador 2 |
| 92:46 | Your Doom · tribute_sent a jugador 3 |
| 92:46 | Your Doom · tribute_sent a jugador 4 |
| 92:46 | Your Doom · tribute_sent a jugador 5 |
| 92:46 | Your Doom · tribute_sent a jugador 6 |
| 92:46 | Your Doom · tribute_sent a jugador 8 |
| 94:05 | Burger King · wall_segment Stone Wall x4 |
| 94:38 | Burger King · wall_segment Stone Wall x2 |
[ AI ANALYSIS · 1 CREDIT ]
What really happened in this match?
Wolo.gg analyzes every decision: build order, eco, micro, common mistakes by bracket. Personalized analysis on WhatsApp or Discord in 30 seconds.
Civ guide
Britons
Map guide
MegaRandom
Perfil
SkilzDatKilz845